 Dungeon Crawl Stone Soup version 0.30-a0-56-ge6a4009bfd (webtiles) character file.

Game seed: 6461018181896003220

728 Newt the Trooper (level 7, 0/54 HPs)
             Began as a Demonspawn Gladiator on Sept 10, 2022.
             Was a Follower of Okawaru.
             Slain by a gnoll
             ... wielding a +0 club
             ... led by a gnoll bouda
              (4 damage)
             ... on level 5 of the Dungeon.
             The game lasted 00:05:53 (5721 turns).

Newt the Trooper (Demonspawn Gladiator)             Turns: 5721, Time: 00:05:54

Health: 0/54       AC:  4    Str: 17    XL:     7   Next: 44%
Magic:  7/7        EV: 13    Int:  9    God:    Okawaru [*.....]
Gold:   286        SH:  0    Dex: 16    Spells: 6/6 levels left

rFire   . . .      SeeInvis .    l - +10 war axe "Kitaress" {vorpal, rCorr Stlth+}
rCold   . . .      Faith    .    (no shield)
rNeg    . . .      Spirit   .    b - +0 leather armour
rPois   .          Reflect  .    c - +0 helmet
rElec   .          Harm     .    (no cloak)
rCorr   +          Rampage  .    (no gloves)
Will    .....                    (no boots)
Stlth   ++++......               (no amulet)
HPRegen 0.18/turn                (no ring)
MPRegen 0.10/turn                (no ring)

@: weakened
A: thin skeletal structure 1, ignite blood 1
a: Renounce Religion, Heroism


You were on level 5 of the Dungeon.
You worshipped Okawaru.
Okawaru was aware of your devotion.
You visited 1 branch of the dungeon, and saw 6 of its levels.

You collected 286 gold pieces.

Inventory:

Hand Weapons
 a - a +0 rapier
 l - the +10 war axe "Kitaress" (weapon) {vorpal, rCorr Stlth+}
   (You found it on level 2 of the Dungeon)

   It inflicts extra damage upon your enemies.
   rCorr:     It protects you from acid and corrosion.
   Stlth:     It makes you more stealthy.
Missiles
 d - 3 throwing nets (quivered)
 e - a javelin
 k - 6 poisoned darts
Armour
 b - a +0 leather armour (worn)
 c - a +0 helmet (worn)
Jewellery
 h - a ring of see invisible
 y - a ring of positive energy
Scrolls
 g - 2 scrolls of teleportation
 j - a scroll of poison
 p - a scroll of brand weapon
 s - 2 scrolls of identify
 u - a scroll of magic mapping {unknown}
 w - a scroll of enchant armour {unknown}
 z - a scroll of fog {unknown}
Potions
 f - 3 potions of heal wounds
 i - a potion of ambrosia
 m - a potion of berserk rage
 n - a potion of invisibility {unknown}
 o - a potion of curing {unknown}
 q - a potion of attraction {unknown}
 r - a potion of brilliance
 t - a potion of cancellation {unknown}
 v - a potion of might {unknown}
 x - 2 potions of haste {unknown}


   Skills:
 - Level 4.0 Fighting
 - Level 2.6 Short Blades
 - Level 4.0 Axes
 - Level 1.7 Throwing
 + Level 3.6 Armour
 - Level 4.0 Dodging
 - Level 2.0 Stealth


You had 6 spell levels left.
You didn't know any spells.
Your spell library contained the following spells:

 Spells                   Type           Power      Damage    Failure   Level
 Freeze                   Ice            0%         1d3       43%         1
 Shock                    Conj/Air       0%         1d3       43%         1
 Frozen Ramparts          Ice            0%         1d1       82%         3
 Swiftness                Air            0%         N/A       82%         3
 Airstrike                Air            0%         2d(0-16)  99%         4
 Hailstorm                Conj/Ice       0%         3d3       99%         4


Dungeon Overview and Level Annotations

Branches:
Dungeon (6/15)             Temple (0/1) D:4

Altars:
Cheibriados
Okawaru


Innate Abilities, Weirdness & Mutations

You have a somewhat thin skeletal structure. (Dex +2, Stealth+)
Your demonic aura sometimes causes spilled blood to erupt in flames.


Message History

* * * LOW HITPOINT WARNING * * *
Unknown command.
You feel much better. The hound bites you but does no damage.
The gnoll hits you from afar with a +0 halberd!
Something hits you. The hound bites you.
Unknown command.
The hound bites you but does no damage. Something hits you.
The hound barely misses you. The hound closely misses you.
Why would you want to do that? The hound misses you. The hound bites you.
* * * LOW HITPOINT WARNING * * *
You hear some strange, mumbled words.
Something tries to affect you, but you resist.
The hound closely misses you.
The gnoll bouda gazes fiercely through you!
You feel your attacks grow feeble.
The gnoll is no longer moving quickly.
The hound barely misses you. The hound attacks as you move away!
The hound misses you.
The gnoll is no longer moving quickly.
The gnoll bouda barks out a call to the hunt!
The gnoll picks up the pace!
The hound closely misses you. The hound attacks as you move away!
The hound bites you.
* * * LOW HITPOINT WARNING * * *
The hound completely misses you.
Your attacks no longer feel as feeble.
The hound bites you.
* * * LOW HITPOINT WARNING * * *
You hit the hound.
You kill the hound!
Okawaru accepts your kill. Something hits you.
* * * LOW HITPOINT WARNING * * *
Something hits you.
* * * LOW HITPOINT WARNING * * *
The gnoll bouda gazes fiercely through you!
You feel your attacks grow feeble. The gnoll hits you with a +0 club.
You die...

................#...##.≈≈≈≈≈≈≈≈≈.
...............###.....≈##≈≈≈##≈.
############...........≈#######≈.
#...........≈≈# ≈.
##..........≈≈# .. §
#.....###..≈≈# ≈≈.
§§##....###...≈#######≈#
###.....###...≈##≈≈≈##≈#
.......[@....##≈≈≈≈≈≈≈≈≈.
####...g°....# #....)....
§§§#.....g..####go..>)...
§§§##.......###g.#####... §§
#.......g#...## #....
#...........## #.#..
#..............#...##.
##................# ##
#.........######. #


You could see a gnoll bouda and 2 gnolls.

Vanquished Creatures
  A phantom (D:4)
  A necrophage (D:5)
  2 scorpions
  A gnoll bouda (D:4)
  2 hounds (D:5)
  An iron imp (D:3)
  Natasha (twice) (D:2)
  14 gnolls
  8 adders
  2 ufetubi (D:4)
  2 worms
  2 dart slugs (D:1)
  7 orcs
  10 ball pythons
  3 bats
  9 endoplasms
  6 goblins
  5 hobgoblins
  4 kobolds
  3 quokkas
  5 frilled lizards
  4 rats (D:2)
94 creatures vanquished.

Notes
Turn   | Place    | Note
-------+----------+-------------------------------------------
     0 | D:1      | Newt the Demonspawn Gladiator began the quest for the Orb.
     0 | D:1      | Reached XP level 1. HP: 16/16 MP: 1/1
   178 | D:1      | Reached skill level 1 in Stealth
   462 | D:1      | Gained mutation: Your demonic aura sometimes causes spilled
                  | blood to erupt in flames. [demonic ancestry]
   462 | D:1      | Reached XP level 2. HP: 12/22 MP: 2/2
  1185 | D:2      | Reached XP level 3. HP: 25/28 MP: 3/3
  1468 | D:2      | Identified the +10 war axe "Kitaress" {vorpal, rCorr
                  | Stlth+}
  1896 | D:2      | Reached XP level 4. HP: 21/37 MP: 4/4
  2214 | D:2      | Found a faded altar of an unknown god.
  2421 | D:2      | Noticed Natasha
  2428 | D:2      | Killed Natasha
  2429 | D:2      | Reached skill level 1 in Axes
  2696 | D:2      | Noticed Natasha
  2702 | D:2      | Killed Natasha
  2703 | D:2      | Reached XP level 5. HP: 33/42 MP: 5/5
  3528 | D:3      | Found a snail-covered altar of Cheibriados.
  4408 | D:3      | Found an iron altar of Okawaru.
  4417 | D:3      | Became a worshipper of Warmaster Okawaru
  4623 | D:4      | Found a staircase to the Ecumenical Temple.
  4742 | D:4      | Gained mutation: You have a somewhat thin skeletal
                  | structure. (Dex +2, Stealth+) [demonic ancestry]
  4742 | D:4      | Reached XP level 6. HP: 48/48 MP: 6/6
  5165 | D:4      | Reached skill level 1 in Armour
  5383 | D:5      | Entered Level 5 of the Dungeon
  5390 | D:5      | Reached * piety under Okawaru
  5391 | D:5      | Reached XP level 7. HP: 54/54 MP: 7/7
  5721 | D:5      | Slain by a gnoll

Illustrated notes

Levels and vault maps discovered:
D:1:      heliophobic_arrival_enchanted_forest, layout_loops_ring
D:2:      layout_basic, hellmonk_ecumenical_altar_zigzags,
          amcnicky_mini_corridor_feature, uniq_natasha
D:3:      layout_basic, okawaru_ov_weapons_minmay, slow_altar_2,
          minmay_misc_feat_encased
D:4:      layout_basic, minmay_temple_entry_gardened_gates
D:5:      layout_layer_cave, nicolae_qazlal_eye_of_the_storm,
          gammafunk_ghost_grave, minmay_shop_mass, lightli_minifort,
          uniq_blork_the_orc
D:6:      layout_cave_pods, zin_academy, nicolae_overflow_hidden_temple,
          nicolae_ossuary_entry_monument, minivault_23

Skill      XL: |  1  2  3  4  5  6  7 |
---------------+----------------------+-----
Stealth        | 1 2 |  2.0
Fighting       | 3 4 |  4.0
Axes           | 2 3 4 |  4.0
Dodging        | 4 |  4.0
Armour         | 2 3 |  3.6
Short Blades   | |  2.6
Throwing       | |  1.7

Action                   |  1- 3 |  4- 6 |  7- 9 || total
-------------------------+-------+-------+-------++-------
Melee: Rapier            |    77 |       |       ||    77
       Punch             |     2 |     1 |       ||     3
       War axe           |     4 |   119 |    21 ||   144
Throw: Dart              |     2 |       |       ||     2
       Throwing net      |     1 |     2 |       ||     3
  Use: Scroll            |       |     5 |       ||     5
       Potion            |       |     2 |     1 ||     3
 Stab: Sleeping          |     4 |     5 |     1 ||    10
       Held in net/web   |     1 |       |       ||     1
       Distracted        |       |     1 |       ||     1
Armor: Leather armour    |    14 |    26 |    10 ||    50
Dodge: Dodged            |    34 |    72 |    40 ||   146

Table legend: (Time is in decaauts)
 A = Elapsed time spent in this place.
 B = Non-inter-level travel time spent in this place.
 C = Inter-level travel time spent in this place.
 D = Time resting spent in this place.
 E = Time spent auto-exploring this place.
 F = Levels seen in this place.
 G = Mean time per level.
                   A        B        C        D        E       F      G
               +--------+--------+--------+--------+--------+-----+--------+
         Total |   5776 |   5620 |    156 |   1253 |   3479 |   6 |  962.7 |
       Dungeon |   5776 |   5620 |    156 |   1253 |   3479 |   6 |  962.7 |
               +--------+--------+--------+--------+--------+-----+--------+

Top non-repeatable levels by time:
     D:2: 2072 daAuts
     D:3: 1641 daAuts
     D:1: 926 daAuts
     D:4: 791 daAuts
     D:5: 342 daAuts
     D:6: 3 daAuts
